Map: Eternal Empire LE

Players

Zest - Winner!

  • Race: Protoss Protoss
  • League: Master
  • Spawn Location: 7:00

Zest - Winner!

  • Race: Protoss Protoss
  • League: Master
  • Spawn Location: 7:00

soO

  • Race: Zerg Zerg
  • Spawn Location: 1:00

soO

  • Race: Zerg Zerg
  • Spawn Location: 1:00

VOD

Have the link to the VOD?

Description

Zest vs Soo where zest does a warp prism DT drop into archon harass

Time

  • Played on: May 8, 2020, 8:31 a.m.
  • Length: 14:12
Show
View Real Time Build Order
Export as new Build Order

Zest Protoss - Winner!

Build Orders: 1 Gate Expand, Zealot Archon, Archon Drop, Dark Templar Rush 

Get SALT Encoding   

  12  0:00  Probe  
  13  0:12  Probe  
  14  0:19  Pylon  
  14  0:24  Probe  
  15  0:37  Probe (Chrono Boost)  
  15  0:41  Gateway  
  16  0:47  Probe (Chrono Boost)  
  16  0:49  Assimilator  
  17  0:52  Probe (Chrono Boost)  
  18  1:04  Probe  
  19  1:16  Probe  
  20  1:26  Nexus  
  20  1:36  Cybernetics Core  
  20  1:39  Probe  
  21  1:46  Assimilator  
  21  1:51  Probe  
  21  1:54  Pylon  
  22  2:03  Probe (Chrono Boost)  
  23  2:09  Adept (Chrono Boost)  
  23  2:13  Warp Gate  
  23  2:14  Probe (Chrono Boost)  
  26  2:18  Probe (Chrono Boost)  
  27  2:23  Twilight Council  
  27  2:30  Probe  
  27  2:33  Stalker (Chrono Boost)  
  30  2:40  Probe  
  30  2:42  Probe  
  31  2:50  Robotics Facility  
  31  2:52  Probe  
  31  2:55  Probe  
  33  3:04  Gateway  
  33  3:08  Probe x2  
  35  3:16  Dark Shrine  
  35  3:20  Adept  
  35  3:23  Probe  
  38  3:31  Gateway  
  38  3:38  Warp Prism (Chrono Boost), Probe  
  39  3:46  Pylon  
  41  3:49  Probe  
  41  3:50  Probe  
  41  3:54  Assimilator  
  43  4:01  Probe  
  43  4:02  Probe  
  45  4:05  Pylon  
  45  4:07  Adept  
  45  4:08  Adept  
  49  4:13  Probe  
  49  4:15  Probe  
  51  4:21  Assimilator  
  51  4:25  Probe, Pylon  
  51  4:27  Probe  
  53  4:37  Dark Templar x3  
  59  4:43  Probe x2  
  59  4:55  Probe x2  
  59  4:59  Observer  
  62  5:04  Dark Templar  
  62  5:06  Archon  
  65  5:07  Probe x2  
  65  5:09  Archon, Nexus  
  65  5:12  Pylon  
  66  5:17  Dark Templar  
  66  5:20  Pylon  
  66  5:21  Probe  
  66  5:23  Probe  
  66  5:30  Forge  
  66  5:32  Sentry  
  66  5:33  Probe  
  66  5:35  Probe  
  70  5:44  Immortal  
  70  5:45  Probe (Chrono Boost)  
  70  5:47  Probe (Chrono Boost)  
  78  5:57  Probe (Chrono Boost)  
  78  5:59  Probe (Chrono Boost)  
  78  6:02  Probe (Chrono Boost)  
  78  6:03  Probe (Chrono Boost)  
  79  6:05  Stargate  
  79  6:07  Stargate  
  80  6:12  Probe  
  80  6:13  Pylon  
  80  6:14  Probe (Chrono Boost)  
  80  6:18  Assimilator  
  82  6:20  Pylon  
  82  6:22  Probe (Chrono Boost), Assimilator  
  82  6:24  Probe (Chrono Boost)  
  85  6:26  Probe (Chrono Boost)  
  85  6:27  Pylon  
  85  6:31  Dark Templar  
  89  6:32  Probe (Chrono Boost)  
  89  6:33  Probe (Chrono Boost)  
  89  6:34  Probe (Chrono Boost)  
  89  6:37  Probe (Chrono Boost)  
  89  6:38  Probe (Chrono Boost)  
  91  6:40  Probe, Observer  
  93  6:47  Charge (Chrono Boost), Immortal  
  93  6:48  Protoss Ground Weapons Level 1  
  93  6:49  Phoenix (Chrono Boost)  
  93  6:50  Probe, Phoenix (Chrono Boost)  
  102  6:56  Photon Cannon  
  102  6:59  Pylon  
  102  7:05  Phoenix (Chrono Boost)  
  102  7:06  Phoenix  
  102  7:07  Observer, Photon Cannon  
  106  7:15  Gateway  
  106  7:19  Gateway  
  106  7:21  Gateway  
  106  7:22  Photon Cannon  
  106  7:26  Archon  
  106  7:32  Phoenix x2 (Chrono Boost)  
  109  7:39  Gateway x2  
  109  7:43  Immortal, Templar Archives  
  113  7:55  Probe x3  
  116  8:03  Psionic Storm  
  114  8:12  Gateway  
  114  8:16  Gateway  
  114  8:17  Pylon  
  114  8:19  Blink (Chrono Boost)  
  114  8:20  Pylon  
  114  8:21  Photon Cannon  
  114  8:22  High Templar  
  114  8:23  High Templar x2  
  120  8:40  Photon Cannon  
  120  8:42  Gateway  
  120  8:49  High Templar x2  
  120  8:54  Gateway  
  124  8:56  Pylon  
  124  8:58  High Templar  
  126  9:13  Stalker x6  
  126  9:15  Gateway  
  126  9:16  Gateway  
  138  9:19  Pylon  
  138  9:24  Protoss Shields Level 1 (Chrono Boost)  
  138  9:32  Nexus  
  138  9:34  Observer  
  138  9:35  Pylon  
  139  9:46  Pylon  
  139  9:55  Zealot x4  
  139  9:56  Zealot x8  
  163  10:02  Shield Battery  
  158  10:20  Archon  
  143  10:25  Archon  
  143  10:27  Stalker  
  143  10:28  Stalker x7  
  139  10:29  Stalker x6  
  111  10:57  High Templar x5  
  111  10:58  Zealot x7  
  127  11:05  Nexus  
  127  11:17  Pylon  
  127  11:20  Probe x3, Pylon  
  127  11:22  Protoss Ground Weapons Level 2 (Chrono Boost)  
  127  11:24  Observer (Chrono Boost)  
  131  11:29  Observer  
  131  11:32  High Templar  
  131  11:33  High Templar x2  
  131  11:37  Archon  
  131  11:39  Observer  
  137  11:44  Observer, Probe x3  
  141  11:47  Observer  
  141  11:52  Zealot x5  
  141  11:53  Zealot x5  
  161  11:56  Observer  
  161  12:04  Photon Cannon  
  161  12:07  Pylon  
  161  12:10  Pylon  
  161  12:32  Dark Templar x2  
  161  12:33  Dark Templar x3  
  161  12:34  Stalker x2  
  175  12:38  Archon x2  
  175  12:39  Dark Templar, Assimilator  
  175  12:40  Zealot x2  
  175  12:43  Assimilator  
  181  12:46  Zealot x2  
  181  12:50  Archon  
  181  12:51  Observer  
  183  12:53  Warp Prism (Chrono Boost)  
  185  13:00  Zealot x4  
  193  13:16  Zealot  
  193  13:32  Archon  
  153  13:34  Stalker  
  153  13:35  Stalker x5, Zealot x2  
  153  13:36  Zealot x3  
  143  13:58  Zealot x11  
  143  13:59  Zealot  
Show
View Real Time Build Order
Export as new Build Order

Zest Protoss - Winner!

Build Orders: 1 Gate Expand, Zealot Archon, Archon Drop, Dark Templar Rush 

Get SALT Encoding   

  12  0:00  Probe  
  13  0:12  Probe  
  14  0:19  Pylon  
  14  0:24  Probe  
  15  0:37  Probe (Chrono Boost)  
  15  0:41  Gateway  
  16  0:47  Probe (Chrono Boost)  
  16  0:49  Assimilator  
  17  0:52  Probe (Chrono Boost)  
  18  1:04  Probe  
  19  1:16  Probe  
  20  1:26  Nexus  
  20  1:36  Cybernetics Core  
  20  1:39  Probe  
  21  1:46  Assimilator  
  21  1:51  Probe  
  21  1:54  Pylon  
  22  2:03  Probe (Chrono Boost)  
  23  2:09  Adept (Chrono Boost)  
  23  2:13  Warp Gate  
  23  2:14  Probe (Chrono Boost)  
  26  2:18  Probe (Chrono Boost)  
  27  2:23  Twilight Council  
  27  2:30  Probe  
  27  2:33  Stalker (Chrono Boost)  
  30  2:40  Probe  
  30  2:42  Probe  
  31  2:50  Robotics Facility  
  31  2:52  Probe  
  31  2:55  Probe  
  33  3:04  Gateway  
  33  3:08  Probe x2  
  35  3:16  Dark Shrine  
  35  3:20  Adept  
  35  3:23  Probe  
  38  3:31  Gateway  
  38  3:38  Warp Prism (Chrono Boost), Probe  
  39  3:46  Pylon  
  41  3:49  Probe  
  41  3:50  Probe  
  41  3:54  Assimilator  
  43  4:01  Probe  
  43  4:02  Probe  
  45  4:05  Pylon  
  45  4:07  Adept  
  45  4:08  Adept  
  49  4:13  Probe  
  49  4:15  Probe  
  51  4:21  Assimilator  
  51  4:25  Pylon, Probe  
  51  4:27  Probe  
  53  4:37  Dark Templar x3  
  59  4:43  Probe x2  
  59  4:55  Probe x2  
  59  4:59  Observer  
  62  5:04  Dark Templar  
  62  5:06  Archon  
  65  5:07  Probe x2  
  65  5:09  Archon, Nexus  
  65  5:12  Pylon  
  66  5:17  Dark Templar  
  66  5:20  Pylon  
  66  5:21  Probe  
  66  5:23  Probe  
  66  5:30  Forge  
  66  5:32  Sentry  
  66  5:33  Probe  
  66  5:35  Probe  
  70  5:44  Immortal  
  70  5:45  Probe (Chrono Boost)  
  70  5:47  Probe (Chrono Boost)  
  78  5:57  Probe (Chrono Boost)  
  78  5:59  Probe (Chrono Boost)  
  78  6:02  Probe (Chrono Boost)  
  78  6:03  Probe (Chrono Boost)  
  79  6:05  Stargate  
  79  6:07  Stargate  
  80  6:12  Probe  
  80  6:13  Pylon  
  80  6:14  Probe (Chrono Boost)  
  80  6:18  Assimilator  
  82  6:20  Pylon  
  82  6:22  Probe (Chrono Boost), Assimilator  
  82  6:24  Probe (Chrono Boost)  
  85  6:26  Probe (Chrono Boost)  
  85  6:27  Pylon  
  85  6:31  Dark Templar  
  89  6:32  Probe (Chrono Boost)  
  89  6:33  Probe (Chrono Boost)  
  89  6:34  Probe (Chrono Boost)  
  89  6:37  Probe (Chrono Boost)  
  89  6:38  Probe (Chrono Boost)  
  91  6:40  Observer, Probe  
  93  6:47  Immortal, Charge (Chrono Boost)  
  93  6:48  Protoss Ground Weapons Level 1  
  93  6:49  Phoenix (Chrono Boost)  
  93  6:50  Probe, Phoenix (Chrono Boost)  
  102  6:56  Photon Cannon  
  102  6:59  Pylon  
  102  7:05  Phoenix (Chrono Boost)  
  102  7:06  Phoenix  
  102  7:07  Observer, Photon Cannon  
  106  7:15  Gateway  
  106  7:19  Gateway  
  106  7:21  Gateway  
  106  7:22  Photon Cannon  
  106  7:26  Archon  
  106  7:32  Phoenix x2 (Chrono Boost)  
  109  7:39  Gateway x2  
  109  7:43  Immortal, Templar Archives  
  113  7:55  Probe x3  
  116  8:03  Psionic Storm  
  114  8:12  Gateway  
  114  8:16  Gateway  
  114  8:17  Pylon  
  114  8:19  Blink (Chrono Boost)  
  114  8:20  Pylon  
  114  8:21  Photon Cannon  
  114  8:22  High Templar  
  114  8:23  High Templar x2  
  120  8:40  Photon Cannon  
  120  8:42  Gateway  
  120  8:49  High Templar x2  
  120  8:54  Gateway  
  124  8:56  Pylon  
  124  8:58  High Templar  
  126  9:13  Stalker x6  
  126  9:15  Gateway  
  126  9:16  Gateway  
  138  9:19  Pylon  
  138  9:24  Protoss Shields Level 1 (Chrono Boost)  
  138  9:32  Nexus  
  138  9:34  Observer  
  138  9:35  Pylon  
  139  9:46  Pylon  
  139  9:55  Zealot x4  
  139  9:56  Zealot x8  
  163  10:02  Shield Battery  
  158  10:20  Archon  
  143  10:25  Archon  
  143  10:27  Stalker  
  143  10:28  Stalker x7  
  139  10:29  Stalker x6  
  111  10:57  High Templar x5  
  111  10:58  Zealot x7  
  127  11:05  Nexus  
  127  11:17  Pylon  
  127  11:20  Pylon, Probe x3  
  127  11:22  Protoss Ground Weapons Level 2 (Chrono Boost)  
  127  11:24  Observer (Chrono Boost)  
  131  11:29  Observer  
  131  11:32  High Templar  
  131  11:33  High Templar x2  
  131  11:37  Archon  
  131  11:39  Observer  
  137  11:44  Observer, Probe x3  
  141  11:47  Observer  
  141  11:52  Zealot x5  
  141  11:53  Zealot x5  
  161  11:56  Observer  
  161  12:04  Photon Cannon  
  161  12:07  Pylon  
  161  12:10  Pylon  
  161  12:32  Dark Templar x2  
  161  12:33  Dark Templar x3  
  161  12:34  Stalker x2  
  175  12:38  Archon x2  
  175  12:39  Dark Templar, Assimilator  
  175  12:40  Zealot x2  
  175  12:43  Assimilator  
  181  12:46  Zealot x2  
  181  12:50  Archon  
  181  12:51  Observer  
  183  12:53  Warp Prism (Chrono Boost)  
  185  13:00  Zealot x4  
  193  13:16  Zealot  
  193  13:32  Archon  
  153  13:34  Stalker  
  153  13:35  Stalker x5, Zealot x2  
  153  13:36  Zealot x3  
  143  13:58  Zealot x11  
  143  13:59  Zealot  
Show
View Real Time Build Order
Export as new Build Order

soO Zerg 

Build Orders: Hatch First, Muta Ling Bane 

Get SALT Encoding   

  12  0:00  Drone  
  13  0:12  Overlord  
  13  0:17  Drone  
  14  0:30  Drone x2  
  16  0:45  Drone  
  17  0:52  Hatchery  
  17  0:54  Drone  
  17  0:59  Drone  
  18  1:08  Extractor  
  17  1:13  Spawning Pool  
  17  1:16  Drone  
  17  1:19  Drone  
  18  1:27  Drone  
  19  1:38  Drone  
  20  1:49  Overlord  
  20  2:00  Queen  
  22  2:04  Queen  
  22  2:05  Zergling x4  
  26  2:11  Metabolic Boost  
  26  2:12  Drone  
  27  2:16  Drone  
  27  2:21  Drone  
  29  2:27  Drone  
  30  2:36  Hatchery  
  29  2:42  Queen  
  31  2:48  Overlord  
  32  2:51  Drone  
  32  2:53  Drone  
  32  2:55  Drone  
  35  2:58  Drone  
  35  3:01  Drone  
  36  3:09  Drone x2  
  36  3:10  Drone  
  39  3:13  Drone x2  
  39  3:16  Overlord  
  41  3:22  Queen  
  41  3:25  Drone  
  44  3:34  Overlord  
  44  3:36  Drone x3  
  44  3:37  Drone  
  44  3:39  Drone  
  49  3:45  Roach Warren  
  49  3:47  Drone  
  49  3:54  Drone x3  
  49  3:55  Extractor  
  51  3:59  Zergling x8  
  55  4:03  Overlord  
  55  4:10  Overlord  
  55  4:16  Overlord  
  55  4:24  Roach x5  
  55  4:25  Roach  
  55  4:28  Spore Crawler, Roach  
  68  4:32  Spore Crawler  
  68  4:33  Roach  
  68  4:36  Roach  
  71  4:42  Spore Crawler  
  71  4:45  Lair  
  69  4:46  Drone x2  
  69  4:50  Drone x3  
  69  4:51  Drone  
  75  4:57  Drone x3  
  78  5:06  Drone x4  
  82  5:07  Drone  
  82  5:10  Overlord  
  80  5:22  Zergling x6  
  80  5:23  Zergling x2  
  80  5:26  Drone x2  
  85  5:29  Extractor  
  85  5:30  Extractor  
  82  5:38  Roach x3  
  82  5:42  Overlord  
  84  5:46  Drone x4  
  84  5:47  Drone  
  84  5:48  Drone x2  
  84  5:49  Spire  
  91  5:50  Drone  
  91  5:56  Extractor x2  
  89  5:58  Glial Reconstitution  
  89  5:59  Drone x3  
  89  6:00  Drone x3  
  89  6:03  Overseer  
  95  6:05  Drone x3  
  95  6:08  Drone  
  95  6:09  Drone x2  
  101  6:12  Overlord  
  101  6:15  Overlord  
  101  6:18  Overlord  
  101  6:22  Overlord  
  101  6:24  Hatchery  
  100  6:26  Overlord  
  100  6:28  Evolution Chamber, Overlord  
  99  6:34  Overlord  
  99  6:54  Overlord  
  99  6:55  Zerg Missile Weapons Level 1, Drone, Overlord  
  99  7:00  Mutalisk x8  
  116  7:03  Roach  
  116  7:05  Overlord  
  116  7:06  Roach  
  120  7:09  Overlord  
  120  7:14  Roach x4  
  128  7:16  Baneling Nest  
  128  7:21  Roach x2  
  130  7:27  Roach x7  
  144  7:33  Ravager  
  144  7:35  Overlord  
  145  7:37  Drone  
  145  7:38  Drone  
  145  7:39  Roach x2  
  145  7:42  Ravager  
  145  7:43  Drone x2  
  154  7:44  Overlord  
  152  8:01  Corruptor x3  
  148  8:06  Corruptor  
  146  8:13  Drone x2  
  146  8:14  Spore Crawler  
  146  8:16  Corruptor x2  
  151  8:23  Overseer, Drone x3  
  151  8:24  Drone  
  151  8:25  Drone x2  
  151  8:26  Unknown  
  156  8:30  Centrifical Hooks  
  156  8:33  Drone  
  156  8:34  Drone x7  
  161  8:43  Zergling x2  
  161  8:44  Zergling x12  
  168  8:57  Zerg Melee Weapons Level 1  
  168  9:00  Zergling x22  
  179  9:11  Baneling x18  
  179  9:12  Overseer  
  179  9:13  Hatchery  
  178  9:23  Zergling x20  
  188  9:25  Baneling x9  
  188  9:34  Zergling x12  
  194  9:43  Overseer, Infestation Pit  
  194  9:44  Hatchery  
  192  9:48  Baneling  
  192  9:49  Baneling, Zergling x16  
  200  9:57  Baneling x12  
  191  10:15  Zergling x26  
  191  10:16  Zergling x4  
  191  10:20  Roach  
  189  10:27  Roach  
  189  10:28  Roach x3  
  177  10:35  Roach  
  169  10:36  Baneling x16  
  169  10:38  Roach x4  
  163  10:42  Zergling x2  
  163  10:46  Zergling x6  
  166  10:54  Roach x2, Zergling x2  
  166  10:55  Zergling x2  
  152  10:59  Roach x2  
  152  11:01  Zergling x2  
  152  11:03  Roach  
  128  11:10  Ravager x3  
  135  11:11  Roach x2  
  135  11:19  Queen x2  
  135  11:20  Zerg Melee Weapons Level 2, Zergling x8, Roach x2  
  147  11:32  Zergling x14  
  154  11:34  Ravager x3  
  154  11:37  Hatchery  
  156  11:41  Baneling x7  
  156  11:46  Drone  
  157  11:47  Zergling x16  
  165  11:56  Hive  
  165  12:01  Drone x3  
  166  12:02  Drone x3  
  166  12:03  Extractor  
  170  12:08  Overlord  
  168  12:18  Zergling x26  
  181  12:24  Baneling x9  
  181  12:28  Baneling x2  
  181  12:32  Zergling x12  
  181  12:33  Zergling x14  
  194  12:50  Zergling x2  
  194  12:51  Zergling x24  
  192  13:00  Baneling x4  
  192  13:01  Baneling x12  
  192  13:04  Zergling x14  
  199  13:10  Overlord  
  197  13:12  Overlord  
  197  13:21  Overlord  
  197  13:24  Baneling x6  
  139  13:34  Roach x2, Zergling x12  
  139  13:36  Roach x5, Zergling x4  
  135  13:41  Zergling x4  
  135  13:46  Roach, Zergling x4  
  135  13:47  Zergling x4  
  119  13:49  Zergling x4  
  114  13:56  Baneling x3  
  114  13:57  Baneling x5  
Show
View Real Time Build Order
Export as new Build Order

soO Zerg 

Build Orders: Hatch First, Muta Ling Bane 

Get SALT Encoding   

  12  0:00  Drone  
  13  0:12  Overlord  
  13  0:17  Drone  
  14  0:30  Drone x2  
  16  0:45  Drone  
  17  0:52  Hatchery  
  17  0:54  Drone  
  17  0:59  Drone  
  18  1:08  Extractor  
  17  1:13  Spawning Pool  
  17  1:16  Drone  
  17  1:19  Drone  
  18  1:27  Drone  
  19  1:38  Drone  
  20  1:49  Overlord  
  20  2:00  Queen  
  22  2:04  Queen  
  22  2:05  Zergling x4  
  26  2:11  Metabolic Boost  
  26  2:12  Drone  
  27  2:16  Drone  
  27  2:21  Drone  
  29  2:27  Drone  
  30  2:36  Hatchery  
  29  2:42  Queen  
  31  2:48  Overlord  
  32  2:51  Drone  
  32  2:53  Drone  
  32  2:55  Drone  
  35  2:58  Drone  
  35  3:01  Drone  
  36  3:09  Drone x2  
  36  3:10  Drone  
  39  3:13  Drone x2  
  39  3:16  Overlord  
  41  3:22  Queen  
  41  3:25  Drone  
  44  3:34  Overlord  
  44  3:36  Drone x3  
  44  3:37  Drone  
  44  3:39  Drone  
  49  3:45  Roach Warren  
  49  3:47  Drone  
  49  3:54  Drone x3  
  49  3:55  Extractor  
  51  3:59  Zergling x8  
  55  4:03  Overlord  
  55  4:10  Overlord  
  55  4:16  Overlord  
  55  4:24  Roach x5  
  55  4:25  Roach  
  55  4:28  Roach, Spore Crawler  
  68  4:32  Spore Crawler  
  68  4:33  Roach  
  68  4:36  Roach  
  71  4:42  Spore Crawler  
  71  4:45  Lair  
  69  4:46  Drone x2  
  69  4:50  Drone x3  
  69  4:51  Drone  
  75  4:57  Drone x3  
  78  5:06  Drone x4  
  82  5:07  Drone  
  82  5:10  Overlord  
  80  5:22  Zergling x6  
  80  5:23  Zergling x2  
  80  5:26  Drone x2  
  85  5:29  Extractor  
  85  5:30  Extractor  
  82  5:38  Roach x3  
  82  5:42  Overlord  
  84  5:46  Drone x4  
  84  5:47  Drone  
  84  5:48  Drone x2  
  84  5:49  Spire  
  91  5:50  Drone  
  91  5:56  Extractor x2  
  89  5:58  Glial Reconstitution  
  89  5:59  Drone x3  
  89  6:00  Drone x3  
  89  6:03  Overseer  
  95  6:05  Drone x3  
  95  6:08  Drone  
  95  6:09  Drone x2  
  101  6:12  Overlord  
  101  6:15  Overlord  
  101  6:18  Overlord  
  101  6:22  Overlord  
  101  6:24  Hatchery  
  100  6:26  Overlord  
  100  6:28  Evolution Chamber, Overlord  
  99  6:34  Overlord  
  99  6:54  Overlord  
  99  6:55  Drone, Zerg Missile Weapons Level 1, Overlord  
  99  7:00  Mutalisk x8  
  116  7:03  Roach  
  116  7:05  Overlord  
  116  7:06  Roach  
  120  7:09  Overlord  
  120  7:14  Roach x4  
  128  7:16  Baneling Nest  
  128  7:21  Roach x2  
  130  7:27  Roach x7  
  144  7:33  Ravager  
  144  7:35  Overlord  
  145  7:37  Drone  
  145  7:38  Drone  
  145  7:39  Roach x2  
  145  7:42  Ravager  
  145  7:43  Drone x2  
  154  7:44  Overlord  
  152  8:01  Corruptor x3  
  148  8:06  Corruptor  
  146  8:13  Drone x2  
  146  8:14  Spore Crawler  
  146  8:16  Corruptor x2  
  151  8:23  Drone x3, Overseer  
  151  8:24  Drone  
  151  8:25  Drone x2  
  151  8:26  Unknown  
  156  8:30  Centrifical Hooks  
  156  8:33  Drone  
  156  8:34  Drone x7  
  161  8:43  Zergling x2  
  161  8:44  Zergling x12  
  168  8:57  Zerg Melee Weapons Level 1  
  168  9:00  Zergling x22  
  179  9:11  Baneling x18  
  179  9:12  Overseer  
  179  9:13  Hatchery  
  178  9:23  Zergling x20  
  188  9:25  Baneling x9  
  188  9:34  Zergling x12  
  194  9:43  Infestation Pit, Overseer  
  194  9:44  Hatchery  
  192  9:48  Baneling  
  192  9:49  Zergling x16, Baneling  
  200  9:57  Baneling x12  
  191  10:15  Zergling x26  
  191  10:16  Zergling x4  
  191  10:20  Roach  
  189  10:27  Roach  
  189  10:28  Roach x3  
  177  10:35  Roach  
  169  10:36  Baneling x16  
  169  10:38  Roach x4  
  163  10:42  Zergling x2  
  163  10:46  Zergling x6  
  166  10:54  Roach x2, Zergling x2  
  166  10:55  Zergling x2  
  152  10:59  Roach x2  
  152  11:01  Zergling x2  
  152  11:03  Roach  
  128  11:10  Ravager x3  
  135  11:11  Roach x2  
  135  11:19  Queen x2  
  135  11:20  Roach x2, Zergling x8, Zerg Melee Weapons Level 2  
  147  11:32  Zergling x14  
  154  11:34  Ravager x3  
  154  11:37  Hatchery  
  156  11:41  Baneling x7  
  156  11:46  Drone  
  157  11:47  Zergling x16  
  165  11:56  Hive  
  165  12:01  Drone x3  
  166  12:02  Drone x3  
  166  12:03  Extractor  
  170  12:08  Overlord  
  168  12:18  Zergling x26  
  181  12:24  Baneling x9  
  181  12:28  Baneling x2  
  181  12:32  Zergling x12  
  181  12:33  Zergling x14  
  194  12:50  Zergling x2  
  194  12:51  Zergling x24  
  192  13:00  Baneling x4  
  192  13:01  Baneling x12  
  192  13:04  Zergling x14  
  199  13:10  Overlord  
  197  13:12  Overlord  
  197  13:21  Overlord  
  197  13:24  Baneling x6  
  139  13:34  Roach x2, Zergling x12  
  139  13:36  Roach x5, Zergling x4  
  135  13:41  Zergling x4  
  135  13:46  Roach, Zergling x4  
  135  13:47  Zergling x4  
  119  13:49  Zergling x4  
  114  13:56  Baneling x3  
  114  13:57  Baneling x5  
Tags
 
Add a new tag
Caveats
  • Supply blocks, unpowered buildings, or Contaminate may cause inaccurate times.
  • Supply counts are checked every 10 seconds.